 Dungeon Crawl Stone Soup version 0.30-a0-58-gc0703345a7 (webtiles) character file.

Game seed: 18120274829392551917

1850 drugrobin the Trooper (level 8, -8/73 HPs)
             Began as a Demigod Delver on Sept 12, 2022.
             Mangled by an ogre
             ... wielding a +0 giant spiked club
              (29 damage)
             ... on level 7 of the Dungeon.
             The game lasted 00:17:10 (8628 turns).

drugrobin the Trooper (Demigod Delver)              Turns: 8628, Time: 00:17:11

Health: -8/73      AC:  0    Str: 23      XL:     8   Next: 58%
Magic:  14/14      EV: 12    Int:  9 (12) God:
Gold:   388        SH:  0    Dex: 15      Spells: 4/11 levels left

rFire   . . .      SeeInvis .    a - +0 rapier
rCold   + . .      Faith    .    (no shield)
rNeg    . . .      Spirit   .    h - +2 ring mail of Happiness {Str+2}
rPois   .          Reflect  .    (no helmet)
rElec   .          Harm     .    (no cloak)
rCorr   .          Rampage  .    N - +0 pair of gloves
Will    .....                    (no boots)
Stlth   +.........               y - amulet of magic regeneration
HPRegen 0.22/turn                G - ring of wizardry
MPRegen 0.54/turn                F - ring of protection from cold

@: silenced, corroded
A: high MP 1, forlorn, divine attributes
a: no special abilities


You were on level 7 of the Dungeon.
You visited 1 branch of the dungeon, and saw 7 of its levels.
You also visited: Ossuary.

You collected 398 gold pieces.
You spent 10 gold pieces at shops.

Inventory:

Hand Weapons
 a - a +0 rapier (weapon)
 b - a +0 mace of protection
 D - a +0 short sword
Missiles
 m - a boomerang (quivered)
 v - 9 poisoned darts
 J - 2 javelins
Armour
 h - the +2 ring mail of Happiness (worn) {Str+2}
   (You found it on level 5 of the Dungeon)

   Str:       It affects your strength (+2).
 i - a +0 leather armour
 B - a +0 chain mail
 N - a +0 pair of gloves (worn)
Jewellery
 x - a ring of ice
 y - an amulet of magic regeneration (around neck)
 F - a ring of protection from cold (right hand)
 G - a ring of wizardry (left hand)
 I - a ring of ice
Wands
 e - a wand of paralysis (5)
 g - a wand of digging (3)
 O - a wand of iceblast (6)
 P - a wand of mindburst (17)
Scrolls
 c - a scroll of fog
 d - 6 scrolls of magic mapping
 k - a scroll of enchant armour {unknown}
 l - a scroll of amnesia
 o - a scroll of silence
 q - 5 scrolls of identify
 t - 4 scrolls of poison
 w - a scroll of enchant weapon {unknown}
 A - a scroll of teleportation {unknown}
 C - 2 scrolls of immolation {unknown}
Potions
 f - 2 potions of haste
 j - a potion of berserk rage
 n - a potion of ambrosia {unknown}
 p - 4 potions of curing
 r - 5 potions of flight
 u - a potion of magic
 z - a potion of lignification {unknown}
 E - a potion of attraction {unknown}
 H - a potion of mutation {unknown}
 K - 2 potions of heal wounds
 L - 2 potions of brilliance {unknown}
 M - a potion of might {unknown}


   Skills:
 + Level 7.4 Fighting
 + Level 7.1 Short Blades
 - Level 2.6 Dodging
 - Level 5.0 Stealth
 + Level 2.4 Spellcasting


You had 4 spell levels left.
You knew the following spells:

 Your Spells              Type           Power      Damage    Failure   Level
a - Magic Dart            Conj           4%         1d3       21%         1
b - Searing Ray           Conj           2%         2d4       30%         2
c - Fulminant Prism       Conj/Hex       0%         3d6       87%         4

Your spell library contained the following spells:

 Spells                   Type           Power      Damage    Failure   Level
 Call Canine Familiar     Summ           1%         N/A       50%         3
 Portal Projectile        Hex/Tloc       2%         N/A       50%         3
 Leda's Liquefaction      Hex/Erth       0%         N/A       87%         4


Dungeon Overview and Level Annotations

Branches:
Dungeon (7/15)             Temple (0/1) D:7         Ossuary (visited)

Shops:
D:2 =   D:4 !   D:6 (


Innate Abilities, Weirdness & Mutations

You have an increased reservoir of magic. (+10% MP)
You shall have no god before yourself.
Your divine heritage dramatically boosts your attributes as you level up.


Message History

The centaur shoots an arrow.
The arrow hits the orc.
The centaur shoots an arrow.
The arrow hits the orc!
The orc dies!
Unknown command.
Unknown command.
Unknown command.
Unknown command.
Unknown command.
You hit the ogre but do no damage.
The centaur shoots an arrow.
The arrow hits the ogre!
Unknown command.
Unknown command.
Unknown command.
You hit the ogre but do no damage.
The ogre is moderately wounded.
The centaur gestures.
Unknown command.
Unknown command.
You hit the centaur but do no damage.
The centaur unwields a +0 shortbow.
The centaur closely misses you. x2
Unknown command.
Unknown command.
You hit the centaur but do no damage. The centaur hits you.
* * * LOW HITPOINT WARNING * * *
The centaur closely misses you.
Unknown command.
Unknown command.
Unknown command.
You hit the centaur but do no damage.
Unknown command.
Unknown command.
Unknown command.
Unknown command.
Unknown command.
You catch the helpless ogre completely off-guard!
You puncture the ogre!
The ogre is almost dead.
You flicker back into view.
The ogre hits you with a +0 giant spiked club!!
You die...

♣.♣ ..♣
♣.♣♣####
♣♣♣..♣
♣♣.♣#..#
♣..♣♣..♣
♣♣.♣♣##.# ♣...
♣..♣ ♣.♣♣♣ #.#
♣..♣
♣F.♣♣#♣)..♣
#.# ### ..♣
♣.?♣#.###.##.#
#.# .♣
♣..♣.#.# ##.#
#.## .♣♣
♣♣.S.KO@#
#.########...
..♣♣
#♣..♣♣c#.#
#.......####.
♣..♣♣
#♣..♣♣#.###
#######.# #.
♣♣(.♣♣♣♣.)♣♣
#♣. #.# #.
♣♣..♣♣..♣♣ .♣
#.# #.
♣♣...c♣♣ ♣.
#.# #. ♣♣..♣♣
♣. #.# #. ♣.♣♣
♣ #.# #. #.#
### #.# #.


You could see a water moccasin, a kobold brigand, an ogre and a centaur.

Vanquished Creatures
  A shadow (D:7)
  A water moccasin (D:7)
  A black bear (D:6)
  4 ice beasts
  A swamp drake (D:7)
  A phantom (D:7)
  A bullfrog (D:7)
  A scorpion (D:7)
  2 water moccasin zombies (Ossuary)
  A killer bee (D:7)
  A jelly (D:6)
  3 orc priests
  4 hounds
  5 orc wizards
  An iguana (D:5)
  2 mummies (Ossuary)
  A gnoll (D:3)
  12 adders
  A white imp (D:5)
  2 ufetubi
  4 adder zombies (Ossuary)
  A worm (D:2)
  A dart slug (D:3)
  15 orcs
  A bat (D:3)
  4 endoplasms
  A giant cockroach (D:2)
  7 gnoll zombies (Ossuary)
  6 goblins
  3 hobgoblins
  8 jackals
  3 quokkas
  2 ball pythons (D:3)
  2 frilled lizards
  7 hobgoblin zombies (Ossuary)
  8 kobolds
  2 kobold zombies (Ossuary)
  8 orc zombies (Ossuary)
  3 rats
132 creatures vanquished.

Vanquished Creatures (others)
  A jelly (D:7)
  3 orcs
4 creatures vanquished.

Grand Total: 136 creatures vanquished

Notes
Turn   | Place    | Note
-------+----------+-------------------------------------------
     0 | D:5      | drugrobin the Demigod Delver began the quest for the Orb.
     0 | D:5      | Reached XP level 1. HP: 18/18 MP: 3/3
    10 | D:5      | Identified the +2 ring mail of Happiness {Str+2}
   231 | D:4      | Reached XP level 2. HP: 16/25 MP: 4/4
   356 | D:4      | Found Peiczeurypeu's Distillery.
   364 | D:4      | Bought a potion of degeneration for 10 gold pieces
   725 | D:1      | Reached XP level 3. HP: 28/31 MP: 5/5
  1196 | D:2      | Found Esatit's Jewellery Shop.
  2312 | D:3      | Reached skill level 5 in Stealth
  2312 | D:3      | Reached XP level 4. HP: 14/38 MP: 6/6
  3051 | D:3      | Identified the +1 robe of Leaves {rF- Int+5 Slay+3 Stlth+}
  3163 | D:3      | Reached XP level 5. HP: 31/46 MP: 7/7
  4289 | D:4      | Reached XP level 6. HP: 32/53 MP: 8/8
  5002 | D:5      | Reached skill level 5 in Fighting
  5416 | D:5      | Reached XP level 7. HP: 50/61 MP: 9/9
  5562 | D:5      | HP: 1/61 [ice beast (5)]
  5573 | D:5      | Reached skill level 5 in Short Blades
  6141 | D:6      | Noticed a two-headed ogre
  6141 | D:6      | Found Peha's Weapon Emporium.
  6768 | D:6      | Noticed a glowing orange brain
  6768 | D:6      | a two-headed ogre changed into a glowing orange brain
  6789 | D:7      | Learned a level 1 spell: Magic Dart
  7013 | D:7      | Learned a level 2 spell: Searing Ray
  7013 | D:7      | Found a staircase to the Ecumenical Temple.
  7041 | D:7      | Noticed a shadow
  7062 | D:7      | Killed a shadow
  7063 | D:7      | Reached XP level 8. HP: 37/71 MP: 10/10
  7113 | D:7      | Found a sand-covered staircase.
  7119 | Ossuary  | Entered an ossuary
  7282 | Ossuary  | Learned a level 4 spell: Fulminant Prism
  7470 | Ossuary  | Reached skill level 1 in Spellcasting
  8582 | D:7      | Noticed a slime creature
  8583 | D:7      | Noticed a troll
  8583 | D:7      | Noticed a kobold demonologist
  8586 | D:7      | Noticed a rust devil
  8599 | D:7      | Noticed a red ugly thing
  8628 | D:7      | Mangled by an ogre

Illustrated notes

Levels and vault maps discovered:
D:1:      minmay_arrival_loop, layout_rooms, shapermc_ecumenical_altar_pompeii
D:2:      layout_loops_ring, serial_shops, nicolae_shop_stone,
          hangedman_decor_opposing
D:3:      layout_rooms, mainiacjoe_overflow_tiny_flanked, cheibrodos_gnoll_hut
D:4:      layout_loops_cross, mainiacjoe_overflow_brackets,
          nicolae_overflow_quartered_altars, serial_shops, shop_fountains
D:5:      layout_cave_pools
D:6:      wander_river, layout_rooms, xom_confusion_cloud, serial_shops, shop,
          nicolae_shop_gadgets
D:7:      nzn_winding_woodlands_large [nzn_winding_woodlands_hourglass,
          nzn_winding_woodlands_5x15_concentric,
          nzn_winding_woodlands_5x5_perimeter,
          nzn_winding_woodlands_center_pierced_h,
          nzn_winding_woodlands_15x15_thick_spiral,
          nzn_winding_woodlands_center_diamonds,
          nzn_winding_woodlands_5x5_three, nzn_winding_woodlands_5x15_cabin,
          nzn_winding_woodlands_5x5_closed_star], layout_loops_ring,
          minmay_temple_entry_mist, lightli_ossuary_entry_decrepit_ruins,
          kennysheep_generic_room_11

Skill      XL: |  1  2  3  4  5  6  7  8 |
---------------+-------------------------+-----
Short Blades   | 2 3 4 6 7 |  7.1
Dodging        | 2 |  2.6
Fighting       | 3 4 5 6 7 |  7.4
Stealth        | 5 |  5.0
Spellcasting   | 2 |  2.4

Action                   |  1- 3 |  4- 6 |  7- 9 || total
-------------------------+-------+-------+-------++-------
Melee: Mace              |    25 |    10 |       ||    35
       Short sword       |   147 |   378 |    63 ||   588
       Punch             |     3 |     3 |     7 ||    13
       Rapier            |       |       |   328 ||   328
Throw: Boomerang         |    10 |     5 |     8 ||    23
       Dart              |       |     7 |    14 ||    21
Evoke: Wand              |       |       |     6 ||     6
  Use: Potion            |       |     3 |     6 ||     9
       Scroll            |       |     1 |     4 ||     5
 Stab: Sleeping          |     2 |     2 |     6 ||    10
       Invisible         |       |       |     3 ||     3
Armor: Ring mail         |    79 |   166 |   123 ||   368
Dodge: Dodged            |   114 |   227 |   163 ||   504

Table legend: (Time is in decaauts)
 A = Elapsed time spent in this place.
 B = Non-inter-level travel time spent in this place.
 C = Inter-level travel time spent in this place.
 D = Time resting spent in this place.
 E = Time spent auto-exploring this place.
 F = Levels seen in this place.
 G = Mean time per level.
                   A        B        C        D        E       F      G
               +--------+--------+--------+--------+--------+-----+--------+
         Total |   8593 |   8448 |    145 |   2925 |   3305 |   8 | 1074.1 |
       Dungeon |   8072 |   7927 |    145 |   2655 |   3300 |   7 | 1153.1 |
       Ossuary |    520 |    520 |      0 |    270 |      5 |   1 |  520.0 |
               +--------+--------+--------+--------+--------+-----+--------+

Top non-repeatable levels by time:
     D:4: 1544 daAuts
     D:5: 1419 daAuts
     D:3: 1391 daAuts
     D:2: 1351 daAuts
     D:7: 1307 daAuts
     D:1: 571 daAuts
 Ossuary: 520 daAuts
     D:6: 487 daAuts
